Description

This is an economical build that goes for a fair amount of Hellions into Liberators to harass Zerg who should be vulnerable to early air composition.

VOD

https://youtu.be/1HGSqp0mT0w

Replay - (T)GreenTea VS (Z)Mitch TvZ Reaper FE Hellion + Lib harass

Build Order

Get SALT Encoding   

  14  0:17  Supply Depot  
  15  0:39  Barracks  
  16  0:44  Refinery  
  19  1:27  Orbital Command  
  19  1:28  Reaper  
  20  1:40  Command Center  
  20  1:50  Supply Depot  
  21  2:01  Barracks Reactor  
  22  2:22  Factory  @100% Swap to reactor and make up to 8 Hellions
  23  2:28  Refinery  Tech Lab on Factory and produce Tanks as gas allows it (Liberators should take priority)
  24  2:41  Marine x2  
  27  2:51  Orbital Command  
  27  2:55  Supply Depot  
  28  3:06  Starport  @100% Make 1 Liberator and swap to Reactor
  32  3:20  Supply Depot  
  32  3:23  Refinery  
  32  3:26  Barracks Tech Lab  @100 Tech Lab research Stim
  34  3:47  Marine  
  43  4:05  Marine  
  51  4:22  Stimpack  
  54  4:41  Command Center  Build the 3rd CC as part of the wall at your natural
  54  4:46  Supply Depot  
  52  5:18  Factory Tech Lab  
  52  5:19  Refinery  
  54  5:23  Engineering Bay x2  
  54  5:28  Barracks x2  
  62  6:07  Siege Tank, Orbital Command  
  62  6:10  Marine  
  71  6:16  Ghost Academy  
  71  6:28  Marine  
  71  6:31  Barracks Reactor x2  
  72  6:49  Marine  
  72  6:50  Siege Tank  
  72  6:52  Medivac x2  
  83  7:15  Marine x2  
  85  7:27  Marine  
  85  7:28  Siege Tank  
Spawning Tool Build Advisor. Get it on Overwolf

Go to:

Details

  • Created by: GreenTea   
  • Published on: Apr 06, 2018
  • Modified on: Apr 06, 2018
  • Patch: 4.0.0
Show
View Real Time Build Order
Export as new Build Order

Comments (2)

On April 14, 2018, 2:44 p.m., GreenTea  said:

Thank you! :)
Yes I'm fine with it, my pages are:
https://twitter.com/mvcMotM
http://www.youtube.com/c/RetroingMotM

On April 7, 2018, 10:14 p.m., StoicLoofah  said:

Thanks for sharing this build! I would like to feature it on the home page if you're okay with that. Do you have a youtube/twitch/twitter account that you want to link to your account so the social links appear in the sidebar?

Create an account to comment!